 Dungeon Crawl Stone Soup version 0.27.1-33-g824d729ab1 (webtiles) character file.

Game seed: 3034880106535453234

132 dianekeaton the Twirler (level 4, -2/37 HPs)
             Began as a Minotaur Gladiator on Dec 8, 2021.
             Killed by divine providence
             ... invoked by an orc priest
              (11 damage)
             ... on level 3 of the Dungeon.
             The game lasted 00:03:50 (1575 turns).

dianekeaton the Twirler (Minotaur Gladiator)        Turns: 1575, Time: 00:03:50

Health: -2/37      AC:  9    Str: 19    XL:     4   Next: 92%
Magic:  3/3        EV:  8    Int:  5    God:
Gold:   87         SH:  0    Dex: 12    Spells: 3/3 levels left

rFire    + . .     SeeInvis .   a - +1 quarterstaff
rCold    . . .     Faith    .   (shield currently unavailable)
rNeg     . . .     Spirit   .   i - +0 chain mail
rPois    .         Reflect  .   c - +0 hat
rElec    .         Harm     .   (no cloak)
rCorr    .         Rampage  .   (no gloves)
Will     .....                  (no boots)
Stlth    ..........             (no amulet)
HPRegen  0.12/turn              m - ring of protection from fire
MPRegen  0.08/turn              (no ring)

@: no status effects
A: horns 2, retaliatory headbutt
a: no special abilities


You were on level 3 of the Dungeon.
You visited 1 branch of the dungeon, and saw 3 of its levels.

You collected 87 gold pieces.

Inventory:

Hand Weapons
 a - a +1 quarterstaff (weapon)
Missiles
 d - a throwing net (quivered)
Armour
 c - a +0 hat (worn)
 i - a +0 chain mail (worn)
Jewellery
 m - a ring of protection from fire (left hand)
Wands
 j - a wand of flame (15)
Potions
 e - a potion of magic
 h - 3 potions of resistance {unknown}
 k - a potion of invisibility {unknown}
 n - 2 potions of cancellation {unknown}


   Skills:
 - Level 2.4 Fighting
 * Level 5.4 Staves
 - Level 2.0 Throwing
 * Level 2.8 Armour
 + Level 4.0 Dodging


You had 3 spell levels left.
You didn't know any spells.
Your spell library was empty.

Dungeon Overview and Level Annotations

Branches:
Dungeon (3/15)

Altars:
Qazlal

Shops:
D:2 *


Innate Abilities, Weirdness & Mutations

You have a pair of horns on your head.
You reflexively headbutt those who attack you in melee.


Message History

The jackal bites you but does no damage.
You sock the kobold!
You kill the kobold!
The jackal bites you but does no damage. x2
You closely miss the jackal. The jackal closely misses you.
The jackal pauses to sniff the ground.
The jackal barely misses you. x2; You furiously retaliate!
You headbutt the jackal. You hit the jackal.
The jackal is heavily wounded.
The jackal closely misses you.
The jackal bites you but does no damage. x3
You closely miss the jackal.
The jackal is heavily wounded.
The jackal bites you but does no damage.
The jackal bites you.
You barely miss the jackal.
The jackal is heavily wounded.
The jackal bites you but does no damage. x2
The jackal barely misses you. You furiously retaliate!
You headbutt the jackal. The jackal barely misses you.
The orc priest invokes the aid of Beogh against you.
Beogh smites you!
* * * LOW HITPOINT WARNING * * *
You are too injured to fight recklessly!
You are too injured to fight recklessly!
Throw: 2 throwing nets
Press: ? - help, Q - select action, (/) - cycle Shift-Dir - straight line, f - orc priest
Aim: an orc priest, wielding a +4 whip of pain (59% to hit)
You throw a throwing net. The throwing net hits the jackal.
The jackal is caught in the net!
The jackal is heavily wounded.
The jackal bites you.
* * * LOW HITPOINT WARNING * * *
The jackal struggles against the net.
Okay, then.
The jackal barely misses you.
The orc priest mumbles some strange prayers to Beogh against you.
Beogh smites you!
You die...

..≈≈≈≈≈ ..≈≈≈≈≈
..≈≈≈≈≈ .......
....o ..o #h##
# #h_# .#
###@###..##
#####..........
#.........≈≈≈.≈
#.......≈≈≈≈...
#..†...≈≈≈≈≈≈≈.
#...<...≈≈≈≈≈≈.
####..≈≈≈≈⌠.≈≈.
#....≈≈>_≈≈≈
#...≈≈≈≈≈≈≈≈


You could see an orc priest, an orc and 2 jackals.

Vanquished Creatures
  Terence (D:2)
  An orc wizard (D:3)
  A gnoll (D:3)
  3 adders (D:2)
  A worm (D:3)
  2 dart slugs
  An orc (D:3)
  A bat (D:2)
  3 endoplasms
  3 giant cockroaches
  4 goblins
  2 hobgoblins
  2 jackals (D:3)
  3 quokkas
  2 ball pythons (D:2)
  3 kobolds
  5 rats
38 creatures vanquished.

Notes
Turn   | Place    | Note
-------+----------+-------------------------------------------
     0 | D:1      | dianekeaton the Minotaur Gladiator began the quest for the
                  | Orb.
     0 | D:1      | Reached XP level 1. HP: 18/18 MP: 0/0
   176 | D:1      | Reached skill level 4 in Staves
   178 | D:1      | Reached XP level 2. HP: 25/25 MP: 1/1
   608 | D:2      | Reached skill level 1 in Armour
   609 | D:2      | Reached XP level 3. HP: 18/30 MP: 2/2
   973 | D:2      | Found Diugesm's General Store.
   992 | D:2      | Noticed Terence
  1000 | D:2      | Killed Terence
  1111 | D:2      | Reached skill level 5 in Staves
  1111 | D:2      | Reached XP level 4. HP: 24/37 MP: 3/3
  1540 | D:3      | Found a stormy altar of Qazlal.
  1540 | D:3      | Found a faded altar of an unknown god.
  1575 | D:3      | Killed from afar by an orc priest

Illustrated notes

Levels and vault maps discovered:
D:1:      minmay_arrival_radiant_lines, layout_basic
D:2:      layout_loops_ring, serial_shops, shop, grunt_ministairs_6,
          kennysheep_potato, uniq_terence
D:3:      lemuel_castle_with_subvaults [lemuel_castle_interior_original],
          layout_basic, nicolae_qazlal_general_emergency,
          basic_ecumenical_altar, grunt_decor_fettered, minmay_close_crescents

Skill      XL: |  1  2  3  4 |
---------------+-------------+-----
Staves         | 4 5 |  5.4
Armour         | 1 2 |  2.8
Dodging        | 4 |  4.0
Fighting       | |  2.4
Throwing       | |  2.0

Action                   |  1- 3 |  4- 6 || total
-------------------------+-------+-------++-------
Melee: Quarterstaff      |    43 |    39 ||    82
       Headbutt          |     7 |     8 ||    15
Throw: Throwing net      |     2 |     1 ||     3
  Use: Scroll            |       |     4 ||     4
 Stab: Held in net/web   |     1 |       ||     1
Armor: Leather armour    |     5 |       ||     5
       Chain mail        |     6 |    25 ||    31
Dodge: Dodged            |    24 |    25 ||    49
